 Dungeon Crawl Stone Soup version 0.18.1-48-g4cf74bf (webtiles) character file.

85860 Eukament the Severer (level 15, -5/143 HPs)
             Began as a Minotaur Fighter on Aug 9, 2016.
             Slain by an emperor scorpion (6 damage)
             ... on level 4 of the Spider Nest.
             The game lasted 02:46:43 (22742 turns).

Eukament the Severer (Minotaur Fighter)            Turns: 22742, Time: 02:46:44

Health: -5/143     AC: 26    Str: 27    XL:     15   Next: 39%
Magic:  19/19      EV:  8    Int:  5    God:
Gold:   1525       SH:  0    Dex: 13    Spells: 0 memorised, 14 levels left

rFire  . . .     SeeInvis .     F - +10 war axe of Pingoucs {chop, rPois}
rCold  + . .     Gourm    .     C - +0 plate armour
rNeg   + . .     Faith    .     m - +2 shield
rPois  +         Spirit   .     S - +2 hat {MR+}
rElec  .         Dismiss  .     y - +0 cloak
rCorr  .         Reflect  +     w - +1 pair of gloves {Dex+3}
SustAt .         Harm     .     X - +2 pair of boots {run}
MR     ++...                    H - +3 amulet of reflection
Stlth  ..........               E - ring of positive energy
                                Q - ring of protection from cold

@: confused, quick, very resistant to hostile enchantments, extremely unstealthy
A: retaliatory headbutt, horns 2
a: no special abilities


You were on level 4 of the Spider Nest.
You were full.

You visited 3 branches of the dungeon, and saw 22 of its levels.
You also visited: Ossuary.

You collected 1525 gold pieces.

Inventory:

Hand Weapons
 F - the +10 war axe of Pingoucs (weapon) {chop, rPois}
   (You found it on level 6 of the Dungeon)

   It inflicts extra damage upon your enemies.
   It protects you from poison.
 L - the +9 dagger of Discord {pierce, +Blink rPois rC+}
   (You found it on level 2 of the Spider Nest)

   It inflicts extra damage upon your enemies.
   It protects you from cold.
   It protects you from poison.
   It lets you blink.
Armour
 m - a +2 shield (worn)
 w - a +1 pair of gloves of dexterity (worn)
 y - a +0 cloak (worn)
 C - a +0 plate armour (worn)
 S - a +2 hat of magic resistance (worn)
 X - a +2 pair of boots of running (worn)
Jewellery
 a - an uncursed ring of see invisible
 i - an uncursed amulet of faith
 E - a ring of positive energy (right hand)
 H - a +3 amulet of reflection (around neck)
 Q - a ring of protection from cold (left hand)
 T - an uncursed ring of fire
Wands
 e - a wand of slowing (28/48)
 g - a wand of digging (13/24)
 D - a wand of lightning (0/15)
 I - a wand of teleportation (4/9)
 J - a wand of flame (10/48)
 K - a wand of acid (0/15)
 Y - a wand of iceblast (4/15)
Scrolls
 c - 2 scrolls of identify
 d - a scroll of immolation
 h - 4 scrolls of recharging
 j - a scroll of noise
 n - a scroll of enchant weapon
 q - 2 scrolls of fear
 t - a scroll of blinking
 A - 3 scrolls of magic mapping
 B - 7 scrolls of remove curse
 M - 4 scrolls of teleportation
 U - 4 scrolls of amnesia
Potions
 f - 4 potions of resistance
 k - a potion of agility {unknown}
 l - 5 potions of brilliance
 o - 14 potions of curing
 p - 4 potions of berserk rage
 r - a potion of beneficial mutation {unknown}
 s - 2 potions of cure mutation
 u - a potion of invisibility {unknown}
 v - 2 potions of flight
 x - a potion of heal wounds
 z - a potion of ambrosia
 N - 2 potions of haste {unknown}
 R - a potion of might
Books
 W - a book of Battle

   Spells                             Type                      Level
   a - Infusion                       Charms                       1
   b - Shroud of Golubria             Charms/Translocation         2
   c - Song of Slaying                Charms                       2
   d - Spectral Weapon                Hexes/Charms                 3
   e - Regeneration                   Charms/Necromancy            3
Miscellaneous
 O - a stone of tremors
 V - a fan of gales
Comestibles
 b - 13 slices of pizza
 P - 3 meat rations
 Z - 13 royal jellies


   Skills:
 + Level 15.6 Fighting
 - Level 16.0(16.5) Axes
   Level 7.5(12.8) Maces & Flails
 + Level 14.7 Armour
 + Level 14.3 Shields
 * Level 7.7 Evocations


You had 14 spell levels left.
You didn't know any spells.

Dungeon Overview and Level Annotations

Branches:
Dungeon (10/15)            Temple (0/1) D:4            Lair (8/8) D:10
  Swamp (0/4) Lair:6       Spider (4/4) Lair:5        Slime (0/6) Lair:7
    Orc: D:9-12

Altars:
Cheibriados
Dithmenos
Gozag
Makhleb
Pakellas
Ru
Sif Muna
Zin
The Shining One

Annotations:
Spider:4 Arachne


Innate Abilities, Weirdness & Mutations

You reflexively headbutt those who attack you in melee.
You have a pair of horns on your head.


Message History

You're too confused!
You're too confused!
The tarantella bites you.
* * * LOW HITPOINT WARNING * * *
The hornet stings you.
* * * LOW HITPOINT WARNING * * *
The tarantella bites you but does no damage.
The emperor scorpion stings you but does no damage.
The emperor scorpion claws you but does no damage. x2
The tarantella barely misses you.
In your confused state, you trip and fall back down the stairs.
* * * LOW HITPOINT WARNING * * *
The hornet misses you.
The tarantella bites you but does no damage. x2
The hornet stings you but does no damage.
The emperor scorpion completely misses you.
The emperor scorpion claws you!
* * * LOW HITPOINT WARNING * * *
The emperor scorpion claws you.
You die...

###....$........
.#.#.....:.......
......(...........
...................
.....................
......................#
......†.s....^........
.......@s.........$..#
.......sy............# #
..........†..........#..
........................
...........^............
........######.....##
####...## ####'†'####
#..# #.y.†.....# #[#
##.......^.##


You could see an emperor scorpion, a hornet and 2 tarantellas.

Vanquished Creatures
  Maud (Lair:3)
  A ghost moth (Spider:2)
  2 spark wasps
  The ghost of Drashi the Fighter, a novice OgBe of Trog (D:8)
  2 entropy weavers (Spider:2)
  2 hydras
  A catoblepas (Lair:3)
  9 death yaks
  Urug (Lair:1)
  13 orb spiders
  4 griffons
  12 wolf spiders
  An oklob plant (Lair:8)
  2 moths of wrath
  9 elephants
  2 hornets
  Joseph (D:8)
  2 black mambas
  15 spiny frogs
  5 komodo dragons
  4 rime drakes
  11 demonic crawlers
  A troll (D:10)
  34 jumping spiders
  10 polar bears
  4 raiju (Lair:8)
  2 boulder beetles
  12 blink frogs
  2 spriggans (Lair:3)
  26 tarantellas
  37 yaks
  6 basilisks
  43 redbacks
  Grum (D:8)
  12 hippogriffs
  7 wargs (Lair:8)
  A swamp worm (Lair:6)
  4 hell hounds (Lair:8)
  6 water moccasins
  The ghost of Colibre the Sneak, an amateur KoEn (D:3)
  9 porcupines
  2 orc warriors
  A wasp (Spider:4)
  5 ice beasts
  A sky beast (D:8)
  15 black bears
  4 ogres
  27 wolves
  11 crocodiles
  2 centaurs
  2 elf zombies (Ossuary)
  22 giant frogs
  A big kobold (D:9)
  2 scorpions
  4 howler monkeys
  5 electric eels
  A giant frog zombie (D:6)
  5 crimson imps
  A centaur zombie (D:6)
  A quasit (D:7)
  18 hounds
  3 jellies
  2 orc priests
  2 giant frog skeletons
  7 iguanas
  Terence (D:2)
  9 orc wizards
  8 hell rats (Lair:4)
  10 worker ants
  2 big kobold zombies (Ossuary)
  6 sheep (Lair:1)
  2 hound zombies (Ossuary)
  A hound skeleton (D:7)
  4 mummies (Ossuary)
  Robin (D:3)
  2 howler monkey zombies (D:8)
  9 adders
  11 gnolls
  71 river rats
  A shadow imp (D:10)
  2 oozes (D:4)
  An adder skeleton (D:4)
  2 worms (D:3)
  A dart slug (D:5)
  2 giant geckos
  37 orcs
  8 bats
  23 goblins
  11 hobgoblins
  15 jackals
  12 kobolds
  6 quokkas
  3 ball pythons
  3 giant newts
  A gnoll zombie (Ossuary)
  A jackal skeleton (D:5)
  2 jackal zombies (Ossuary)
  An orc zombie (Ossuary)
  23 rats
  2 rat zombies (Ossuary)
  7 fungi
  12 plants
776 creatures vanquished.

Vanquished Creatures (others)
  A yak (D:5)
  44 fungi
  14 plants
59 creatures vanquished.

Grand Total: 835 creatures vanquished

Notes
Turn   | Place    | Note
--------------------------------------------------------------
     0 | D:1      | Eukament the Minotaur Fighter began the quest for the Orb.
     0 | D:1      | Reached XP level 1. HP: 19/19 MP: 0/0
   198 | D:1      | Reached XP level 2. HP: 27/27 MP: 1/1
  1103 | D:2      | Reached XP level 3. HP: 33/33 MP: 2/2
  1149 | D:2      | Noticed Terence
  1159 | D:2      | Killed Terence
  1529 | D:2      | Found a shadowy altar of Dithmenos.
  1768 | D:3      | Reached XP level 4. HP: 41/41 MP: 3/3
  1795 | D:3      | Noticed Colibre's ghost (amateur KoEn)
  1806 | D:3      | Killed Colibre's ghost
  1806 | D:3      | Reached skill level 5 in Fighting
  1806 | D:3      | Reached skill level 5 in Maces & Flails
  1806 | D:3      | Reached XP level 5. HP: 48/49 MP: 4/4
  2213 | D:3      | Noticed Robin
  2281 | D:3      | Killed Robin
  2615 | D:4      | Reached XP level 6. HP: 57/58 MP: 5/5
  2625 | D:4      | Found a staircase to the Ecumenical Temple.
  3369 | D:5      | Entered Level 5 of the Dungeon
  3413 | D:5      | Reached XP level 7. HP: 66/66 MP: 6/6
  3452 | D:5      | Found a sand-covered staircase.
  3526 | Ossuary  | Entered an ossuary
  4084 | D:5      | Found an oddly glowing altar of Pakellas.
  4084 | D:5      | Noticed an orange crystal statue
  4085 | D:5      | Noticed a yak
  4094 | D:5      | Killed a yak
  4508 | D:5      | Reached skill level 5 in Shields
  4508 | D:5      | Reached XP level 8. HP: 51/74 MP: 7/7
  4745 | D:5      | Found a burning altar of Makhleb.
  4748 | D:5      | Reached skill level 5 in Armour
  5173 | D:6      | Got a bloodstained war axe
  5174 | D:6      | Identified the +10 war axe of Pingoucs {chop, rPois} (You found it on level 6 of the Dungeon)
  5179 | D:6      | Found a deep blue altar of Sif Muna.
  5183 | D:6      | Reached skill level 1 in Axes
  5236 | D:6      | Reached skill level 2 in Axes
  5371 | D:6      | Found a deep blue altar of Sif Muna.
  5407 | D:6      | Got a shimmering war axe
  5409 | D:6      | Identified the cursed +3 war axe "Mudesheazy" {drain, rC+ Int+4 Dex+3} (You found it on level 6 of the Dungeon)
  5487 | D:6      | Reached skill level 3 in Axes
  5872 | D:7      | Reached skill level 4 in Axes
  5919 | D:7      | Identified a scroll of acquirement
  6128 | D:7      | Reached skill level 5 in Axes
  6129 | D:7      | Reached XP level 9. HP: 64/82 MP: 8/8
  6411 | D:7      | Found a snail-covered altar of Cheibriados.
  6430 | D:7      | Found a sacrificial altar of Ru.
  6520 | D:7      | Found a glowing golden altar of the Shining One.
  6592 | D:8      | Noticed Grum
  6603 | D:8      | Killed Grum
  6608 | D:8      | Reached skill level 6 in Axes
  6682 | D:8      | Noticed Joseph
  6704 | D:8      | Killed Joseph
  7041 | D:8      | Noticed Drashi's ghost (novice OgBe)
  7054 | D:8      | Killed Drashi's ghost
  7054 | D:8      | Reached skill level 7 in Axes
  7232 | D:8      | Reached skill level 8 in Axes
  7279 | D:8      | Reached XP level 10. HP: 90/93 MP: 9/9
  7483 | D:8      | Found a glowing silver altar of Zin.
  7530 | D:8      | Reached skill level 10 in Fighting
  7749 | D:9      | Found an opulent altar of Gozag.
  8193 | D:10     | Entered Level 10 of the Dungeon
  8278 | D:10     | Reached skill level 9 in Axes
  8461 | D:10     | Reached skill level 10 in Axes
  8536 | D:10     | Noticed a griffon
  8547 | D:10     | Killed a griffon
  8945 | D:10     | Reached XP level 11. HP: 90/101 MP: 10/10
  8962 | D:10     | Found a staircase to the Lair.
  8991 | Lair:1   | Entered Level 1 of the Lair of Beasts
  9228 | Lair:1   | Reached skill level 11 in Axes
  9232 | Lair:1   | Noticed Urug
  9260 | Lair:1   | Killed Urug
  9629 | Lair:1   | Reached skill level 10 in Armour
  9645 | Lair:1   | Noticed an eight-headed hydra
 10309 | Lair:2   | Reached skill level 12 in Axes
 10446 | Lair:2   | Reached skill level 10 in Shields
 10979 | Lair:3   | Noticed Maud
 11000 | Lair:3   | Killed Maud
 11019 | Lair:3   | Noticed a catoblepas
 11191 | Lair:3   | Killed a catoblepas
 11256 | Lair:3   | Reached XP level 12. HP: 112/112 MP: 11/11
 11471 | Lair:3   | Reached skill level 13 in Axes
 12107 | Lair:4   | Noticed a seven-headed hydra
 12127 | Lair:4   | Killed an 11-headed hydra
 13441 | Lair:5   | Reached skill level 14 in Axes
 13540 | Lair:5   | Identified a +2 pair of boots of running (You found it on level 5 of the Lair of Beasts)
 13645 | Lair:5   | Found a hole to the Spider Nest.
 13662 | Lair:5   | Noticed a death yak
 13662 | Lair:5   | Noticed a death yak
 13664 | Lair:5   | Noticed a death yak
 13664 | Lair:5   | Noticed a death yak
 13675 | Lair:5   | Killed a death yak
 13677 | Lair:5   | Killed a death yak
 13680 | Lair:5   | Killed a death yak
 13682 | Lair:5   | Killed a death yak
 14595 | Spider:1 | Entered Level 1 of the Spider Nest
 14608 | Spider:1 | Reached XP level 13. HP: 74/122 MP: 12/12
 15199 | Lair:6   | Found a staircase to the Swamp.
 15568 | Lair:6   | You fall through a shaft for 2 floors!
 15568 | Lair:8   | Entered Level 8 of the Lair of Beasts
 15591 | Lair:8   | Reached skill level 15 in Axes
 15684 | Lair:8   | Found an opulent altar of Gozag.
 17048 | Lair:8   | Reached skill level 16 in Axes
 17811 | Lair:7   | Reached XP level 14. HP: 117/132 MP: 13/13
 18108 | Lair:7   | Learned a level 1 spell: Summon Butterflies
 18115 | Lair:7   | Learned a level 1 spell: Corona
 18159 | Lair:7   | Found a staircase to the Slime Pits.
 18327 | Lair:7   | Reached skill level 1 in Evocations
 19148 | Spider:1 | Learned a level 3 spell: Recall
 19791 | Spider:1 | Reached skill level 15 in Fighting
 19951 | Spider:1 | Reached skill level 5 in Evocations
 20225 | Spider:2 | Learned a level 7 spell: Ring of Flames
 20230 | Spider:2 | Learned a level 3 spell: Recall
 20420 | Spider:2 | Killed a ghost moth
 21174 | Spider:2 | Learned a level 3 spell: Recall
 21394 | Spider:2 | Reached XP level 15. HP: 141/141 MP: 18/18
 21407 | Spider:2 | Got a dazzling dagger
 21408 | Spider:2 | Identified the +9 dagger of Discord {pierce, +Blink rPois rC+} (You found it on level 2 of the Spider Nest)
 22497 | Spider:4 | Entered Level 4 of the Spider Nest
 22521 | Spider:4 | Noticed Arachne
 22742 | Spider:4 | HP: 1/143 [emperor scorpion (10)]
 22742 | Spider:4 | Slain by an emperor scorpion

Skill      XL: |  1  2  3  4  5  6  7  8  9 10 11 12 13 14 15 |
---------------+----------------------------------------------+-----
Maces & Flails | 3 4 5 6 7 |  7.5
Fighting       | 4 5 6 7 8 9 10 11 13 14 15 | 15.6
Armour         | 4 6 7 9 10 11 13 14 | 14.7
Shields        | 5 6 7 9 10 11 12 13 14 | 14.3
Axes           | 5 8 10 12 14 16 | 16.0
Evocations     | 6 7 |  7.7

Action                   |  1- 3 |  4- 6 |  7- 9 | 10-12 | 13-15 || total
-------------------------+-------+-------+-------+-------+-------++-------
Melee: Flail             |    20 |       |       |       |       ||    20
       Headbutt          |    14 |    25 |    62 |   131 |   187 ||   419
       Mace              |    82 |   162 |   139 |       |       ||   383
       War axe           |       |       |   137 |   563 |   794 ||  1494
Evoke: Wand              |       |       |       |     4 |    10 ||    14
  Use: Scroll            |       |     8 |    16 |    15 |    10 ||    49
       Potion            |       |     1 |       |     1 |    12 ||    14
  Eat: Bread ration      |     1 |       |     2 |     4 |     2 ||     9
       Chunk             |       |     2 |     1 |       |       ||     3
       Beef jerky        |       |     1 |     1 |       |     3 ||     5
       Royal jelly       |       |       |     2 |     1 |       ||     3
       Fruit             |       |       |       |     3 |       ||     3
       Pizza             |       |       |       |     1 |       ||     1
       Meat ration       |       |       |       |       |     3 ||     3
Armor: Scale mail        |    63 |    84 |   107 |       |       ||   254
       Plate armour      |       |       |    23 |   228 |   484 ||   735
Dodge: Dodged            |    27 |    46 |    72 |    64 |   219 ||   428
Block: Shield            |    84 |    93 |   150 |   421 |   700 ||  1448
       Reflection        |       |       |       |     1 |     1 ||     2
